 Dungeon Crawl Stone Soup version 0.31-a0-232-gb1c03b2570 (webtiles) character file.

Game seed: 9852004197683373613

92 Ijustatesigmund the Stinger (level 4, -2/28 HPs)
             Began as an Octopode Venom Mage on July 7, 2023.
             Splashed by a jelly's acid (11 damage)
             ... on level 4 of the Dungeon.
             The game lasted 00:03:58 (2519 turns).

Ijustatesigmund the Stinger (Octopode Venom Mage)   Turns: 2519, Time: 00:03:59

Health: -2/28      AC:  1    Str: 13    XL:     4   Next: 60%
Magic:  6/8        EV: 13    Int: 19    God:
Gold:   156        SH:  0    Dex: 12    Spells: 2/8 levels left

rFire   . . .        d - +3 spear (flame)
rCold   . . .        (no shield)
rNeg    . . .        (helmet restricted)
rPois   .            (no amulet)
rElec   .            b - +6 ring of strength
rCorr   .            k - ring of see invisible
SInv    +            (no ring)
Will    .....        (no ring)
Stlth   +++          (no ring)
HPRegen 0.24/turn    (no ring)
MPRegen 0.11/turn    (no ring)
                     (no ring)

%: no passive effects
@: no status effects
A: almost no armour, amphibious, 8 rings, camouflage 1, gelatinous body 1,
(nimble swimmer 1), tentacles
a: no special abilities


You were on level 4 of the Dungeon.
You visited 1 branch of the dungeon, and saw 4 of its levels.

You collected 156 gold pieces.

Inventory:

Hand Weapons
 d - a +3 spear of flaming (weapon)
Jewellery
 b - a +6 ring of strength (left tentacle)
 k - a ring of see invisible (right tentacle)
Scrolls
 e - a scroll of immolation {unknown}
 i - a scroll of silence {unknown}
 o - a scroll of teleportation {unknown}
 r - a scroll of identify {unknown}
Potions
 a - 3 potions of magic
 c - a potion of invisibility {unknown}
 f - 2 potions of haste {unknown}
 g - 3 potions of berserk rage {unknown}
 h - 2 potions of heal wounds {unknown}
 j - a potion of curing
 l - a potion of cancellation {unknown}
 m - a potion of mutation {unknown}
 n - a potion of degeneration {unknown}
 p - a potion of ambrosia {unknown}
 q - a potion of resistance {unknown}


   Skills:
 - Level 1.0 Fighting
 + Level 1.2 Polearms
 - Level 2.0 Dodging
 - Level 2.6 Stealth
 + Level 2.7 Spellcasting
 + Level 1.0 Conjurations
 - Level 1.0 Transmutations
 + Level 1.4 Air Magic
 + Level 4.3 Poison Magic


You had 2 spell levels left.
You knew the following spells:

 Your Spells              Type           Power      Damage    Failure   Level
a - Sting                 Tmut/Pois      48%        1d5       5%          1
b - Poisonous Vapours     Pois/Air       26%        N/A       8%          2
c - Mephitic Cloud        Conj/Pois/Air  11%        N/A       19%         3

Your spell library contained the following spells:

 Spells                   Type           Power      Damage    Failure   Level
 Magic Dart               Conj           24%        1d4       11%         1
 Kiss of Death            Conj/Necr      16%        2d6       13%         1
 Call Imp                 Summ           4%         N/A       24%         2
 Sublimation of Blood     Necr           2%         N/A       24%         2
 Olgreb's Toxic Radiance  Pois           19%        N/A       26%         4
 Confusing Touch          Hex            2%         N/A       43%         3
 Petrify                  Tmut/Erth      4%         N/A       77%         4
 Dispel Undead            Necr           2%         3d7       83%         4
 Irradiate                Conj/Tmut      3%         3d12      96%         5


Dungeon Overview and Level Annotations

Branches:
Dungeon (4/15)
 Temple: D:4-7

Altars:
Fedhas
Hepliaklqana

Annotations:
D:4 1 transporter


Innate Abilities, Weirdness & Mutations

You cannot wear most types of armour.
You are amphibious.
You can wear up to eight rings at the same time.
Your skin changes colour to match your surroundings (Stealth+).
Your rubbery body absorbs attacks. (AC +1, EV +1)
((You are camouflaged when in or above water. (Stealth+)))
You have tentacles for arms and can constrict up to eight enemies at once.


Message History

Found 4 stones.
Unknown command.
There is an open door here.
You open the door.
A kobold comes into view.
It is wielding a +0 dagger and quivering poisoned darts.
The kobold shouts!
The kobold moves out of view.
A jelly comes into view.
Casting: Poisonous Vapours (safe; 8% risk of failure)
Confirm with . or Enter, or press ? or * to list all spells.
Aiming: Poisonous Vapours (safe; 8% risk of failure)
Press: ? - help, Dir - move target, f - kobold
Aim: a kobold, wielding a +0 dagger and quivering poisoned darts Poisonous vapours surround the kobold!
The kobold is poisoned.
The kobold throws a poisoned dart.
The poisoned dart hits you!
You are poisoned.
You feel very sick.
The kobold throws a poisoned dart.
The poisoned dart misses you.
You feel sick.
No target in view!
You start resting.
You feel sick.
You feel a bit more experienced.
You reach to attack!
You hit the jelly. You burn the jelly.
The jelly is lightly wounded.
You feel sick.
You hit the jelly. You burn the jelly.
Your tentacles burn!
The jelly is severely wounded.
You feel sick. The jelly barely misses you.
You hit the jelly. You burn the jelly.
Your tentacles burn!
The jelly is almost dead.
You feel sick. The jelly hits you.
You are splashed with acid!
* * * LOW HITPOINT WARNING * * *
You are too injured to fight recklessly!
You are too injured to fight recklessly!
You are too injured to fight recklessly!
You are too injured to fight recklessly!
You are too injured to fight recklessly!
You are too injured to fight recklessly!
It was a potion of curing.
You feel better. The jelly hits you.
You are splashed with acid!
You die...

#......# +......
#..... #.J..
#K.. #..
###'#########
#...J@......#
#......####.#
###....(.#
.........#
#....#+#'##
+....#.#.#
#....#.#.#####.#
#....#.........#
.........######


You could see a jelly.

Vanquished Creatures
  2 adders
  3 worms
  3 ball pythons
  4 bats
  6 endoplasms
  3 giant cockroaches
  7 goblins
  6 hobgoblins
  3 jackals (D:1)
  8 kobolds
  3 quokkas
  6 frilled lizards
  8 rats
62 creatures vanquished.

Notes
Turn   | Place    | Note
-------+----------+-------------------------------------------
     0 | D:1      | Ijustatesigmund the Octopode Venom Mage began the quest for
                  | the Orb.
     0 | D:1      | Reached XP level 1. HP: 11/11 MP: 3/3
   203 | D:1      | Reached XP level 2. HP: 12/18 MP: 5/5
   206 | D:1      | Learned a level 2 spell: Poisonous Vapours
   268 | D:1      | Found a faded altar of an unknown god.
   564 | D:1      | Reached skill level 1 in Fighting
   577 | D:1      | Reached skill level 4 in Poison Magic
   793 | D:2      | Reached XP level 3. HP: 18/23 MP: 6/6
   797 | D:2      | Learned a level 3 spell: Mephitic Cloud
  1082 | D:2      | Reached skill level 1 in Air Magic
  1506 | D:3      | Reached XP level 4. HP: 28/28 MP: 4/7
  1675 | D:3      | Reached skill level 1 in Polearms
  1960 | D:3      | Reached skill level 1 in Conjurations
  1976 | D:3      | Found a blossoming altar of Fedhas.
  1976 | D:3      | Found a hazy altar of Hepliaklqana.
  2370 | D:4      | Found a transporter.
  2519 | D:4      | Splashed by a jelly's acid

Illustrated notes

Levels and vault maps discovered:
D:1:      evilmike_arrival_rings, layout_basic,
          ebering_ecumenical_altar_petrified
D:2:      layout_rooms
D:3:      layout_rooms, gammafunk_temple_overflow_elements,
          corexii_leaking_fountain
D:4:      gammafunk_steamed_eel, layout_basic, minmay_temple_entry_glassed_door

Skill      XL: |  1  2  3  4 |
---------------+-------------+-----
Fighting       | 1 |  1.0
Poison Magic   | 4 |  4.3
Air Magic      | 1 |  1.4
Polearms       | 1 |  1.2
Conjurations   | 1 |  1.0
Dodging        | |  2.0
Stealth        | |  2.6
Spellcasting   | |  2.7
Transmutations | |  1.0

Action                     |  1- 3 |  4- 6 || total
---------------------------+-------+-------++-------
  Melee: Unarmed           |    15 |       ||    15
         Constrict         |    16 |     4 ||    20
         Tentacles         |     8 |     1 ||     9
         Spear             |    67 |    28 ||    95
   Cast: Poisonous Vapours |    15 |    18 ||    33
    Use: Scroll            |     5 |       ||     5
         Potion            |       |     1 ||     1
   Stab: Sleeping          |    11 |     3 ||    14
 Armour: Skin              |       |     3 ||     3
  Dodge: Dodged            |    31 |     8 ||    39

Table legend: (Time is in decaauts)
 A = Elapsed time spent in this place.
 B = Non-inter-level travel time spent in this place.
 C = Inter-level travel time spent in this place.
 D = Time resting spent in this place.
 E = Time spent auto-exploring this place.
 F = Levels seen in this place.
 G = Mean time per level.
                   A        B        C        D        E       F      G
               +--------+--------+--------+--------+--------+-----+--------+
         Total |   2524 |   2485 |     39 |    201 |   1880 |   4 |  631.0 |
       Dungeon |   2524 |   2485 |     39 |    201 |   1880 |   4 |  631.0 |
               +--------+--------+--------+--------+--------+-----+--------+

Top non-repeatable levels by time:
     D:3: 907 daAuts
     D:1: 770 daAuts
     D:2: 587 daAuts
     D:4: 259 daAuts
